 Dungeon Sprint DCSS version 0.24.0-13-gcf9b319 (webtiles) character file.

Game seed: 12713704158046594135, levelgen mode: deterministic

90 Fang the Skirmisher (level 4, -2/32 HPs)
             Began as a Gargoyle Berserker on Dec 10, 2019.
             Was a High Priest of Trog.
             Slain by a mummy (9 damage)
             ... in the Dungeon (Sprint VII: "The Pits").
             The game lasted 00:00:52 (792 turns).

Fang the Skirmisher (Gargoyle Berserker)             Turns: 792, Time: 00:00:52

Health: -2/32      AC: 17    Str: 21    XL:     4   Next: 56%
Magic:  4/4        EV:  7    Int:  8    God:    Trog [*****.]
Gold:   0          SH:  0    Dex:  9    Spells: 3/3 levels left

rFire    . . .     SeeInvis .   a - +2 hand axe
rCold    . . .     Gourm    .   (no shield)
rNeg     + . .     Faith    .   b - +2 plate armour
rPois    ∞         Spirit   .   (no helmet)
rElec    +         Reflect  .   (no cloak)
rCorr    .         Harm     .   (no gloves)
MR       .....     NoTele   +   (no boots)
Stlth    ..........             (no amulet)
HPRegen  0.10/turn              (no ring)
MPRegen  0.09/turn              (no ring)

@: berserk cooldown, starving, slowed, very slow
A: negative energy resistance 1, electricity resistance, unbreathing,
petrification resistance, rot immunity, AC +3
a: Berserk, Trog's Hand, Brothers in Arms, Renounce Religion


You were in the Dungeon.
You worshipped Trog.
Trog was extremely pleased with you.
You were starving.

You visited 1 branch

Inventory:

Hand Weapons
 a - a +2 hand axe (weapon)
Armour
 b - a +2 plate armour (worn)
Scrolls
 i - a scroll of blinking
 l - 3 scrolls of remove curse
 m - a scroll of summoning
Potions
 d - 6 potions of curing
 e - 6 potions of heal wounds
 f - a potion of haste
 g - 4 potions of magic
 h - 3 potions of berserk rage
 k - 2 potions of invisibility
Comestibles
 c - 9 rations


   Skills:
 + Level 5.7 Fighting
 + Level 4.7 Axes
 + Level 5.1 Armour
 + Level 3.8 Dodging


You had 3 spell levels left.
You didn't know any spells.
Your spell library was empty.

Dungeon Overview and Level Annotations

Branches:
Dungeon (1/1)

Altars:


Innate Abilities, Weirdness & Mutations

You are resistant to torment.
Your stone body is resilient. (AC +3)
You are immune to poison.
You resist negative energy. (rN+)
You are resistant to electric shocks. (rElec)
You can survive without breathing.
You are immune to petrification.
You are immune to rotting.


Message History

Okay, then.
The hungry ghost closely misses you. The hungry ghost hits you.
You feel slightly more hungry.
You see here an orc corpse.
You butcher the orc corpse.
The hungry ghost hits you.
You feel slightly more hungry.
Eat a chunk of flesh? (ye/n/q)
You eat the chunk of flesh.
This raw flesh tastes terrible.
You are near starving!
The hungry ghost hits you.
You are starving!
The mummy hits you but does no damage. The hungry ghost barely misses you.
Okay, then.
Okay, then.
There isn't anything to butcher here.
Okay, then.
The mummy closely misses you.
You see here a +0 ring mail.
The hungry ghost hits you.
You feel somewhat more hungry. The mummy hits you!
You die...

#.#.....#))#####'##
#.###'###))##......
#.#.....#))##......
#.#.....#..##......
#.####'##'###...<..
#.#........##......
#.#........##......
#'###########......
#[@#.#.## #######
#WM)....# ##o#.#.##
.o.... ##.#.#.#
.......# #.# #..+
### ###


You could see a hungry ghost, a mummy and 2 orcs.

Vanquished Creatures
  An iron imp (D)
  An orc wizard (D)
  A river rat (D)
  A leopard gecko (D)
  5 orcs (D)
  A giant cockroach (D)
  A goblin (D)
  A hobgoblin (D)
  3 jackals (D)
  A quokka (D)
  2 frilled lizards (D)
  A kobold (D)
19 creatures vanquished.

Notes
Turn   | Place    | Note
-------+----------+-------------------------------------------
     0 | D        | Fang the Gargoyle Berserker began the quest for the Orb.
     0 | D        | Reached XP level 1. HP: 14/14 MP: 1/1
    24 | D        | Reached ** piety under Trog
   161 | D        | Reached XP level 2. HP: 10/20 MP: 2/2
   433 | D        | Reached *** piety under Trog
   457 | D        | Reached **** piety under Trog
   457 | D        | Reached skill level 5 in Fighting
   457 | D        | Reached XP level 3. HP: 6/26 MP: 3/3
   766 | D        | Noticed a hungry ghost
   772 | D        | Reached XP level 4. HP: 31/31 MP: 4/4
   774 | D        | Reached ***** piety under Trog
   774 | D        | Reached skill level 5 in Armour
   792 | D        | Slain by a mummy

Levels and vault maps discovered:
D:        pitsprint [storerooms_1, entrance_room_1, metal_vault_2, armoury_2,
          mini_pit_1, grid_room_1, main_hall_1, silver_pit, the_coven_3,
          the_vestibule_1, steel_vault_3, golden_pit, hallway_of_sentries,
          crystal_vault_2, iron_vault_4, final_vault]

Skill      XL: |  1  2  3  4 |
---------------+-------------+-----
Axes           | 3 4 |  4.7
Dodging        | 2 3 |  3.8
Fighting       | 4 5 |  5.7
Armour         | 3 4 5 |  5.1

Action                   |  1- 3 |  4- 6 || total
-------------------------+-------+-------++-------
Melee: Hand axe          |    36 |    15 ||    51
Invok: Berserk           |     2 |       ||     2
  Eat: Chunk             |       |     1 ||     1
Armor: Animal skin       |     9 |       ||     9
       Plate armour      |     1 |    18 ||    19
Dodge: Dodged            |    27 |     9 ||    36
